 Dungeon Crawl Stone Soup version 0.30.1-4-g462c640d31 (webtiles) character file.

Game seed: 17720350423706021412

442 Cheops the Vexing (level 6, -3/32 HPs)
             Began as a Deep Elf Conjurer on Aug 25, 2023.
             Slain by a wraith (6 damage)
             ... in an ossuary.
             The game lasted 00:10:36 (3055 turns).

Cheops the Vexing (Deep Elf Conjurer)               Turns: 3055, Time: 00:10:36

Health: -3/32      AC:  3    Str:  4    XL:     6   Next: 71%
Magic:  7/24       EV: 13    Int: 25    God:
Gold:   163        SH:  0    Dex: 13    Spells: 4/15 levels left

rFire   . . .        a - +3 short sword (protect)
rCold   . . .        (no shield)
rNeg    . . .        j - +0 robe
rPois   .            (no helmet)
rElec   .            (no cloak)
rCorr   .            (no gloves)
SInv    .            i - +0 pair of boots
Will    .....        (no amulet)
Stlth   ++           e - ring of magical power
HPRegen 0.25/turn    (no ring)
MPRegen 0.19/turn

%: no passive effects
@: very slightly contaminated, hasted and slowed
A: no striking features
a: no special abilities


You were in an ossuary.
You visited 1 branch of the dungeon, and saw 4 of its levels.
You also visited: Ossuary.

You collected 163 gold pieces.

Inventory:

Hand Weapons
 a - a +3 short sword of protection (weapon)
 b - a +2 dagger of venom
 c - a +0 vampiric short sword
 x - a +5 trident
 E - a +4 great sword of freezing
Armour
 i - a +0 pair of boots (worn)
 j - a +0 robe (worn)
Jewellery
 e - a ring of magical power (left hand)
 v - an amulet of faith
Wands
 s - a wand of quicksilver (3)
 y - a wand of polymorph (8)
 C - a wand of roots (9)
Scrolls
 d - a scroll of amnesia {unknown}
 f - a scroll of teleportation {unknown}
 h - a scroll of noise {unknown}
 k - a scroll of magic mapping {unknown}
 l - 3 scrolls of blinking
 n - 3 scrolls of acquirement {unknown}
 o - a scroll of brand weapon {unknown}
 t - a scroll of immolation {unknown}
 w - 3 scrolls of vulnerability {unknown}
 B - 2 scrolls of identify
 D - a scroll of poison {unknown}
Potions
 g - 2 potions of brilliance
 m - 2 potions of magic
 p - 4 potions of curing
 q - a potion of haste
 r - 2 potions of heal wounds {unknown}
 u - a potion of lignification
 z - a potion of might {unknown}
 A - a potion of flight {unknown}


   Skills:
 - Level 2.0 Short Blades
 - Level 4.0 Dodging
 - Level 2.4 Stealth
 - Level 5.0 Spellcasting
 - Level 5.0 Conjurations
 + Level 6.0 Hexes
 - Level 0.4 Translocations


You had 4 spell levels left.
You knew the following spells:

 Your Spells              Type           Power      Damage    Failure   Level
a - Magic Dart            Conj           100%       1d8       1%          1
b - Searing Ray           Conj           62%        2d6       1%          2
i - Iskenderun's Mystic   Conj/Tloc      19%        2d6       26%         4
p - Fulminant Prism       Conj/Hex       16%        3d10      9%          4

Your spell library contained the following spells:

 Spells                   Type           Power      Damage    Failure   Level
 Dazzling Flash           Conj/Hex       66%        N/A       2%          3
 Sandblast                Erth           12%        2d6       9%          1
 Stone Arrow              Conj/Erth      36%        3d9       9%          3
 Passwall                 Tmut/Erth      5%         N/A       12%         2


Dungeon Overview and Level Annotations

Branches:
Dungeon (4/15)            Ossuary (1/1)
 Temple: D:4-7

Altars:
Ashenzari
Qazlal
Yredelemnul


Message History

Confirm with . or Enter, or press ? or * to list all spells.
The spell is quite dangerous to miscast (9% risk of failure)!
Continue anyway?
Aiming: Fulminant Prism (quite dangerous; 9% risk of failure)
Press: ? - help, Dir - move target You conjure a prism of explosive energy!
A fulminant prism comes into view.
You feel better.
Casting: Fulminant Prism (quite dangerous; 9% risk of failure)
Confirm with . or Enter, or press ? or * to list all spells.
Aiming: Searing Ray (safe; 1% risk of failure)
Press: ? - help, Shift-Dir - straight line, f - wraith
Aim: a wraith (moderately damaged, ally target, 79% to hit)
The searing ray hits the wraith but does no damage.
The wraith is moderately damaged. (Press . to maintain the ray.)
Your fulminant prism crackles loudly.
The searing ray hits the wraith!
The wraith is severely damaged.
The searing ray hits the wraith!
The wraith is almost destroyed.
Your fulminant prism explodes!
The blast of energy engulfs the wraith.
The wraith is almost destroyed.
The wraith hits you!
* * * LOW HITPOINT WARNING * * *
The wraith drains your vigour!
You feel yourself slow down.
You hear a hideous shriek!
Casting: Searing Ray (safe; 1% risk of failure)
Confirm with . or Enter, or press ? or * to list all spells.
Restarting spell: Searing Ray (safe; 1% risk of failure)
Press: ? - help, Shift-Dir - straight line, f/p - wraith
Aim: a wraith (almost destroyed, 79% to hit)
The searing ray hits the wraith but does no damage.
The wraith is almost destroyed. (Press . to maintain the ray.)
The wraith barely misses you.
The searing ray hits the wraith but does no damage.
The wraith is almost destroyed.
The wraith hits you.
You die...

#.............#
#.............#
.###.....###.#
#.....# #.#
#.###.....###.#
#.............#
#.............#
#.###.###.###W#
# #.#z#.#.#@#
+##.###.##[.#
............#
#############


You could see a wraith.

Vanquished Creatures
  An elf skeleton (D:4)
  3 wights (Ossuary)
  A gnoll bouda (D:4)
  An iguana (D:4)
  A human skeleton (D:4)
  A howler monkey zombie (D:3)
  3 gnolls (D:4)
  An adder (D:4)
  A worm (D:3)
  4 dart slugs
  7 orcs
  5 ball pythons
  7 endoplasms
  2 giant cockroaches
  4 hobgoblins
  5 jackals
  6 kobolds
  4 quokkas
  A ball python skeleton (Ossuary)
  5 bats
  4 frilled lizards
  5 goblins
  3 hobgoblin skeletons (Ossuary)
  A hobgoblin zombie (Ossuary)
  A jackal zombie (D:3)
  8 orc skeletons
  An orc zombie (D:4)
  A quokka zombie (D:3)
  3 rats
90 creatures vanquished.

Vanquished Creatures (others)
  A fulminant prism (Ossuary)
1 creature vanquished.

Grand Total: 91 creatures vanquished

Notes
Turn   | Place    | Note
-------+----------+-------------------------------------------
     0 | D:1      | Cheops the Deep Elf Conjurer began the quest for the Orb.
     0 | D:1      | Reached XP level 1. HP: 10/10 MP: 6/6
   242 | D:1      | Reached XP level 2. HP: 15/15 MP: 8/8
   270 | D:1      | Reached skill level 5 in Conjurations
   494 | D:1      | Reached XP level 3. HP: 19/19 MP: 10/10
   598 | D:1      | Learned a level 2 spell: Searing Ray
  1634 | D:3      | Reached skill level 5 in Spellcasting
  1634 | D:3      | Reached XP level 4. HP: 24/24 MP: 13/13
  1691 | D:3      | Learned a level 4 spell: Fulminant Prism
  1696 | D:3      | Learned a level 4 spell: Iskenderun's Mystic Blast
  1702 | D:3      | Found a basalt altar of Yredelemnul.
  1706 | D:3      | Reached skill level 1 in Short Blades
  2071 | D:3      | Found a broken altar of Ashenzari.
  2072 | D:3      | Found a stormy altar of Qazlal.
  2366 | D:4      | Reached XP level 5. HP: 28/28 MP: 10/14
  2492 | D:4      | Reached skill level 2 in Hexes
  2592 | D:4      | Reached skill level 3 in Hexes
  2594 | D:4      | Reached skill level 4 in Hexes
  2594 | D:4      | Reached XP level 6. HP: 18/32 MP: 11/15
  2615 | D:4      | Found a sand-covered staircase.
  2622 | Ossuary  | Entered an ossuary
  2846 | Ossuary  | Reached skill level 5 in Hexes
  2945 | Ossuary  | Noticed a wraith
  2945 | Ossuary  | Noticed a flying skull
  2958 | Ossuary  | Noticed a flying skull
  2982 | Ossuary  | Noticed a flying skull
  2995 | Ossuary  | Reached skill level 6 in Hexes
  3031 | Ossuary  | Noticed a wraith
  3055 | Ossuary  | Slain by a wraith

Illustrated notes

Levels and vault maps discovered:
D:1:      lightli_arrival_farm, layout_rooms
D:2:      layout_rooms
D:3:      layout_basic, nicolae_yredelemnul_corpse_copse,
          mainiacjoe_overflow_big_doors
D:4:      cheibrodos_barr_body, layout_loops_ring, nzn_wu_jian_council_hall,
          nicolae_ossuary_entry_catacombs, minmay_a_box_with_orc_wizards_in_it,
          uniq_duvessa, uniq_pargi, uniq_menkaure
Ossuary:  ossuary_due_cavern

Skill      XL: |  1  2  3  4  5  6 |
---------------+-------------------+-----
Conjurations   | 5 |  5.0
Spellcasting   | 4 5 |  5.0
Short Blades   | 2 |  2.0
Dodging        | 3 4 |  4.0
Hexes          | 4 6 |  6.0
Stealth        | |  2.4
Translocations | |  0.4

Action                     |  1- 3 |  4- 6 || total
---------------------------+-------+-------++-------
  Melee: Short sword       |       |     3 ||     3
   Cast: Magic Dart        |    76 |    16 ||    92
         Searing Ray       |     1 |    35 ||    36
         Fulminant Prism   |       |     1 ||     1
    Use: Scroll            |     6 |       ||     6
         Potion            |       |     2 ||     2
   Stab: Sleeping          |       |     1 ||     1
 Armour: Robe              |       |     5 ||     5
  Dodge: Dodged            |     2 |    30 ||    32
